 Dungeon Crawl Stone Soup version 0.28-a0-1435-g82390b3a13 (webtiles) character file.

Game seed: 1182167217619215387

8372 oldriver the Fighter (level 11, -3/102 HPs)
             Began as a Ghoul Chaos Knight on Jan 10, 2022.
             Was a Plaything of Xom.
             Slain by a skeletal warrior (15 damage)
             ... on level 10 of the Dungeon.
             The game lasted 00:17:05 (13851 turns).

oldriver the Fighter (Ghoul Chaos Knight)          Turns: 13851, Time: 00:17:05

Health: -3/102     AC: 10    Str: 21    XL:     11   Next: 29%
Magic:  10/10      EV: 16    Int:  7    God:    Xom [..*...]
Gold:   598        SH:  7    Dex:  8    Spells: 10/10 levels left

rFire   + . .      SeeInvis .   C - +6 rapier "Grim Tooth" {speed, rPois rC+}
rCold   + + .      Faith    .   F - +0 kite shield
rNeg    + + +      Spirit   .   a - +2 leather armour
rPois   ∞          Reflect  .   (no helmet)
rElec   .          Harm     .   z - +0 cloak
rCorr   .          Rampage  .   t - +0 pair of gloves
Will    .....                   l - +0 pair of boots
Stlth   +.........              (no amulet)
HPRegen 0.00/turn               e - +4 ring of evasion
MPRegen 0.12/turn               B - ring of protection from fire

@: inhibited regen
A: claws 1, cold resistance 1, negative energy resistance 3, inhibited
regeneration, torment resistance 2
a: Renounce Religion


You were on level 10 of the Dungeon.
You worshipped Xom.
You were a toy of Xom.
You visited 1 branch of the dungeon, and saw 10 of its levels.

You collected 598 gold pieces.

Inventory:

Hand Weapons
 k - a +2 short sword of venom
 x - a +1 vampiric whip
 C - the +6 rapier "Grim Tooth" (weapon) {speed, rPois rC+}
   (You found it on level 8 of the Dungeon)

   Attacks with this weapon are significantly faster.
   rC:        It protects you from cold.
   rPois:     It protects you from poison.
Armour
 a - a +2 leather armour (worn)
 l - a +0 pair of boots (worn)
 t - a +0 pair of gloves (worn)
 z - a +0 cloak (worn)
 F - a +0 kite shield (worn)
Jewellery
 e - a +4 ring of evasion (left hand)
 r - a ring of flight
 B - a ring of protection from fire (right hand)
Wands
 n - a wand of polymorph (6)
 p - a wand of flame (4)
 v - a wand of digging (7)
 w - a wand of paralysis (12)
 y - a wand of acid (9)
Scrolls
 c - 2 scrolls of identify
 d - a scroll of summoning
 g - 4 scrolls of magic mapping
 m - a scroll of fog
 q - a scroll of immolation
 D - a scroll of blinking
Potions
 b - 2 potions of resistance
 f - a potion of degeneration
 i - 3 potions of mutation
 o - a potion of haste
 u - a potion of lignification
 A - a potion of ambrosia
 E - a potion of attraction {unknown}


   Skills:
 + Level 11.1 Fighting
 + Level 9.1 Armour
 + Level 8.9 Dodging
 + Level 3.6 Shields
 - Level 3.2 Unarmed Combat


You had 10 spell levels left.
You didn't know any spells.
Your spell library contained the following spells:

 Spells                   Type           Power      Damage    Failure   Level
 Summon Small Mammal      Summ           0%         N/A       85%         1
 Blink                    Tloc           0%         N/A       94%         2
 Call Canine Familiar     Summ           0%         N/A       99%         3
 Gell's Gravitas          Tloc           0%         N/A       99%         3
 Inner Flame              Hex/Fire       0%         N/A       99%         3
 Summon Guardian Golem    Hex/Summ       0%         N/A       99%         3
 Teleport Other           Tloc           0%         N/A       99%         3
 Cause Fear               Hex            0%         N/A       100%        4
 Manifold Assault         Tloc           0%         N/A       100%        5
 Dispersal                Tloc           0%         N/A       100%        6
 Discord                  Hex            0%         N/A       100%        8
 Storm Form               Tmut/Air       Unusable   N/A       N/A         7

Dungeon Overview and Level Annotations

Branches:
Dungeon (10/15)            Temple (0/1) D:5
   Lair: D:8-11         Orc: D:9-12

Altars:
Xom

Shops:
D:1 :   D:5 :   D:8 :


Innate Abilities, Weirdness & Mutations

You thrive by killing the living.
You are immune to poison.
You have sharp fingernails.
Your flesh is cold resistant. (rC+)
You are immune to negative energy. (rN+++)
You do not regenerate when monsters are visible.
You are immune to unholy pain and torment.


Message History

The skeletal warrior is heavily damaged.
The skeletal warrior hits you with a +0 hand axe!
You hit the skeletal warrior but do no damage.
The skeletal warrior is heavily damaged.
The skeletal warrior hits you with a +0 hand axe!
You hit the skeletal warrior.
The skeletal warrior is heavily damaged.
The skeletal warrior barely misses you.
You hit the skeletal warrior.
The skeletal warrior is heavily damaged.
Xom's power touches on a nearby monster.
The skeletal warrior suddenly stops moving!
The helpless skeletal warrior fails to defend itself.
You puncture the skeletal warrior!
The skeletal warrior is severely damaged.
The helpless skeletal warrior fails to defend itself.
You hit the skeletal warrior.
The skeletal warrior is severely damaged.
The helpless skeletal warrior fails to defend itself.
You hit the skeletal warrior.
The skeletal warrior is severely damaged.
The helpless skeletal warrior fails to defend itself.
You hit the skeletal warrior but do no damage.
The skeletal warrior is severely damaged.
The helpless skeletal warrior fails to defend itself.
You hit the skeletal warrior but do no damage.
The skeletal warrior is severely damaged.
The helpless skeletal warrior fails to defend itself.
You hit the skeletal warrior.
The skeletal warrior is severely damaged.
The helpless skeletal warrior fails to defend itself.
You puncture the skeletal warrior!
The skeletal warrior is almost destroyed.
The skeletal warrior is no longer paralysed.
The skeletal warrior hits you with a +0 hand axe!!
* * * LOW HITPOINT WARNING * * *
You barely miss the skeletal warrior.
The skeletal warrior is almost destroyed.
The skeletal warrior hits you with a +0 hand axe!
You die...

### ## #.##.# #..#.#
####..#.# #.(.z...# #
#.###@### ######...
#.#### #....#.###
#....# #....#...#
####.#
##....###.######.#
................>#
..###......#.########
..# #......#.# ..#
####.....#


You could see a skeletal warrior.

Vanquished Creatures
  Pikel (D:5)
  2 hornets
  Prince Ribbit (D:5)
  14 yaks
  A wraith (D:9)
  A steam dragon (D:8)
  A wyvern (D:9)
  A water moccasin (D:5)
  Duvessa (D:4)
  An ice beast (D:7)
  4 orc warriors
  3 sky beasts
  3 black bears
  A necrophage (D:5)
  2 ogres
  5 centaurs
  A phantom (D:6)
  3 bullfrogs
  A kobold brigand (D:6)
  2 gnoll sergeants (D:9)
  Dowan (D:4)
  7 wights
  A killer bee (D:10)
  2 howler monkeys (D:10)
  A bullfrog zombie (D:6)
  5 centaur zombies
  3 jellies
  3 hounds
  4 orc priests
  4 iguanas
  A bullfrog skeleton (D:4)
  4 orc wizards
  2 hound zombies (D:5)
  A howler monkey zombie (D:10)
  15 gnolls
  A howler monkey skeleton (D:7)
  4 adders (D:2)
  3 ufetubi
  6 dart slugs
  24 orcs
  8 endoplasms
  A giant cockroach (D:2)
  3 goblins
  9 hobgoblins
  2 jackals (D:2)
  8 quokkas
  10 ball pythons
  2 bats
  4 frilled lizards
  A jackal skeleton (D:4)
  13 kobolds
  7 rats
209 creatures vanquished.

Vanquished Creatures (collateral kills)
  Grinder (D:6)
  A yak (D:9)
  A wyvern zombie (D:8)
  A bullfrog zombie (D:5)
  2 orc wizards (D:9)
  An orc (D:9)
  A kobold (D:6)
8 creatures vanquished.

Vanquished Creatures (others)
  2 plants (D:2)
2 creatures vanquished.

Grand Total: 219 creatures vanquished

Notes
Turn   | Place    | Note
-------+----------+-------------------------------------------
     0 | D:1      | oldriver the Ghoul Chaos Knight began the quest for the
                  | Orb.
     0 | D:1      | Reached XP level 1. HP: 19/19 MP: 0/0
    54 | D:1      | Reached skill level 1 in Dodging
   135 | D:1      | Reached XP level 2. HP: 24/26 MP: 1/1
   187 | D:1      | Found a faded altar of an unknown god.
   486 | D:1      | Found Guxeote's Book Emporium.
   785 | D:2      | XOM: polymorph quokka -> kobold
   839 | D:2      | Reached XP level 3. HP: 33/33 MP: 2/2
   861 | D:2      | XOM: summons 2 hostile demons
   862 | D:2      | Noticed a soul eater
   864 | D:2      | XOM: butterfly on damage
  1231 | D:2      | Reached skill level 4 in Fighting
  1231 | D:2      | Reached XP level 4. HP: 40/40 MP: 3/3
  1351 | D:2      | XOM: confusion
  1360 | D:2      | XOM: enchant monster (bad)
  2045 | D:3      | XOM is BORED!
  2045 | D:3      | XOM: 1-stop teleportation journey
  2046 | D:3      | Reached XP level 5. HP: 32/47 MP: 4/4
  2178 | D:4      | XOM: summons 4 hostile shadow creatures
  2179 | D:4      | Noticed an ogre
  2237 | D:3      | XOM: 3-stop teleportation journey
  2442 | D:3      | XOM: fog
  2454 | D:3      | XOM: potion effect (haste)
  2526 | D:2      | XOM: silly message
  2528 | D:2      | XOM: divination: detect creatures
  3005 | D:3      | XOM: silly message
  3119 | D:4      | XOM: cloud trail
  3212 | D:4      | Noticed an ogre
  3228 | D:4      | Killed an ogre
  3229 | D:4      | Reached skill level 5 in Fighting
  3229 | D:4      | Reached XP level 6. HP: 34/56 MP: 5/5
  3363 | D:4      | XOM: silly message
  3505 | D:4      | XOM: potion effect (haste)
  3813 | D:4      | Noticed Duvessa
  3813 | D:4      | Noticed Dowan
  3821 | D:4      | XOM: potion effect (curing)
  3974 | D:4      | XOM: potion effect (brilliance)
  3977 | D:4      | Killed Duvessa
  3982 | D:4      | Killed Dowan
  3983 | D:4      | Reached XP level 7. HP: 53/61 MP: 6/6
  4081 | D:4      | XOM: potion effect (brilliance)
  4158 | D:4      | XOM: divination: magic mapping
  4320 | D:4      | XOM: scenery: summon butterflies
  4352 | D:4      | XOM: scenery: create altars
  4458 | D:5      | Entered Level 5 of the Dungeon
  4458 | D:5      | Found Caowuj's Self-Improvement Boutique.
  4632 | D:5      | Found a staircase to the Ecumenical Temple.
  4638 | D:5      | Reached skill level 6 in Fighting
  4645 | D:5      | XOM: summons friendly white imp
  4765 | D:5      | XOM: silly message
  4777 | D:5      | Reached XP level 8. HP: 63/71 MP: 7/7
  4901 | D:5      | Noticed Prince Ribbit
  4901 | D:5      | XOM: enchant monster (bad)
  4916 | D:5      | Killed Prince Ribbit
  4917 | D:5      | Reached skill level 5 in Armour
  5143 | D:5      | Reached skill level 5 in Dodging
  5202 | D:5      | Reached skill level 7 in Fighting
  5235 | D:5      | XOM: summons 5 hostile demons
  5557 | D:5      | Noticed Pikel
  5569 | D:5      | Killed Pikel
  5570 | D:5      | Reached XP level 9. HP: 19/81 MP: 8/8
  5608 | D:5      | XOM: 2-stop teleportation journey
  6027 | D:6      | XOM: stat loss: -1 Dex (7/8)
  6058 | D:6      | Reached skill level 8 in Fighting
  6126 | D:6      | XOM: blink monster(s)
  6172 | D:6      | XOM: god gift: mace {god gift}
  6351 | D:6      | Noticed Grinder
  6352 | D:6      | XOM: cleaving
  6353 | D:6      | XOM: summons friendly shadow imp
  6366 | D:6      | XOM: summons 3 friendly demons
  6391 | D:6      | Paralysed by Grinder for 2 turns
  6426 | D:6      | XOM: summons 7 friendly demons
  6427 | D:6      | Killed Grinder
  6572 | D:6      | XOM: divination: detect creatures
  6580 | D:6      | HP: 3/82 [yak (13)]
  6589 | D:6      | Reached skill level 9 in Fighting
  6598 | D:6      | XOM: destruction
  6836 | D:5      | XOM: god gift: 15 stones
  7339 | D:7      | XOM: divination: detect items
  7425 | D:7      | Noticed a hornet
  7429 | D:7      | XOM: summons friendly iron imp
  7436 | D:7      | Killed a hornet
  7441 | D:7      | XOM: cleaving
  7442 | D:7      | Reached XP level 10. HP: 62/91 MP: 9/9
  7898 | D:7      | XOM: swap monsters
  8134 | D:3      | XOM: noise
  8619 | D:6      | XOM: summons 3 hostile shadow creatures
  8775 | D:7      | XOM: summons 4 hostile shadow creatures
  9004 | D:8      | XOM: swap monsters
  9005 | D:8      | XOM: 3-stop teleportation journey
  9055 | D:8      | Found Raeck's Book Emporium.
  9077 | D:8      | XOM: scenery: 1 doors open, 1 doors close
  9227 | D:8      | XOM: smoke on damage
  9233 | D:8      | XOM: confuse monster(s)
  9608 | D:8      | XOM: noise
  9629 | D:8      | XOM: enchant monster (bad)
 10019 | D:8      | XOM: summons 6 hostile demons
 10074 | D:8      | Identified the +6 rapier "Grim Tooth" {speed, rPois rC+}
 10245 | D:8      | XOM: summons friendly quasit
 10252 | D:8      | Reached skill level 10 in Fighting
 10527 | D:8      | XOM: enchant monster (good)
 11008 | D:9      | XOM: swap monsters
 11010 | D:9      | XOM: cast spell 'Summon Ice Beast'
 11021 | D:9      | XOM: noise
 11035 | D:9      | Reached skill level 1 in Shields
 11479 | D:9      | XOM: divination: detect items
 11596 | D:9      | XOM: scenery: summon butterflies
 11624 | D:9      | XOM: potion effect (invisibility)
 11626 | D:9      | XOM: enchant monster (bad)
 11629 | D:9      | XOM: cast spell 'Death Channel'
 11916 | D:9      | Reached XP level 11. HP: 97/101 MP: 10/10
 12070 | D:10     | Entered Level 10 of the Dungeon
 12134 | D:10     | XOM: enchant monster (bad)
 12144 | D:10     | XOM: silly message
 12546 | D:10     | XOM: fog
 12582 | D:10     | XOM: cleaving
 12583 | D:10     | XOM: potion effect (haste)
 12587 | D:10     | Reached skill level 11 in Fighting
 12638 | D:10     | Noticed a tengu warrior
 12655 | D:10     | Noticed an ogre mage
 12798 | D:9      | XOM is BORED!
 12996 | D:10     | XOM: silly message
 13012 | D:9      | XOM: potion effect (heal wounds)
 13024 | D:9      | HP: 2/102 [tengu warrior (5)]
 13035 | D:9      | XOM: potion effect (brilliance)
 13042 | D:9      | XOM: potion effect (curing)
 13821 | D:10     | Noticed a skeletal warrior
 13843 | D:10     | XOM: enchant monster (good)
 13851 | D:10     | Slain by a skeletal warrior

Illustrated notes

Levels and vault maps discovered:
D:1:      beargit_arrival_greenhouse, layout_basic,
          hellmonk_ecumenical_altar_arch_garden, serial_shops,
          nicolae_shop_behind_doors, minmay_pentomino_p4
D:2:      wad_woods_tower, layout_basic
D:3:      layout_basic
D:4:      layout_basic, minmay_misc_feat_five, uniq_duvessa
D:5:      layout_cave_pools, minmay_temple_entry_purple_smoke,
          grunt_ministairs_4, nicolae_shop_self_help, uniq_pikel,
          uniq_prince_ribbit1
D:6:      layout_cave_pools, st_stairs_14, uniq_grinder
D:7:      layout_gridville
D:8:      layout_gridville, serial_shops, shop
D:9:      layout_long_grid
D:10:     minmay_the_grid_octo_tiled_squarecenter
          [minmay_the_grid_octo_odd_swirl, minmay_the_grid_octo_chip,
          minmay_the_grid_octo_clover, minmay_the_grid_octo_teeth,
          minmay_the_grid_square_5x5_megaprize_open,
          minmay_the_grid_square_5x5_plus, minmay_the_grid_square_5x5_two_small,
          minmay_the_grid_square_5x5_dogpile,
          minmay_the_grid_square_5x5_hollow_slash], layout_basic,
          kennysheep_mini

Skill      XL: |  1  2  3  4  5  6  7  8  9 10 11 |
---------------+----------------------------------+-----
Dodging        | 1 2 3 4 5 7 8 |  8.9
Armour         | 2 3 4 6 7 8 9 |  9.1
Fighting       | 4 5 6 7 9 10 11 | 11.1
Shields        | 2 3 |  3.6
Unarmed Combat | |  3.2

Action                   |  1- 3 |  4- 6 |  7- 9 | 10-12 || total
-------------------------+-------+-------+-------+-------++-------
Melee: Unarmed           |    98 |    39 |       |       ||   137
       Punch             |     5 |     3 |     7 |     9 ||    24
       Short sword       |       |   136 |   246 |   114 ||   496
       Rapier            |       |       |       |   369 ||   369
       Whip              |       |       |       |   135 ||   135
Evoke: Wand              |       |       |     6 |       ||     6
  Use: Scroll            |       |     2 |    18 |     3 ||    23
       Potion            |       |       |     2 |     4 ||     6
 Stab: Invisible         |       |       |       |     2 ||     2
       Paralysed         |       |       |       |     7 ||     7
Armor: Leather armour    |    21 |    55 |    99 |   238 ||   413
Dodge: Dodged            |    46 |   108 |   246 |   684 ||  1084
Block: Kite shield       |       |       |       |   117 ||   117

Table legend: (Time is in decaauts)
 A = Elapsed time spent in this place.
 B = Non-inter-level travel time spent in this place.
 C = Inter-level travel time spent in this place.
 D = Time resting spent in this place.
 E = Time spent auto-exploring this place.
 F = Levels seen in this place.
 G = Mean time per level.
                   A        B        C        D        E       F      G
               +--------+--------+--------+--------+--------+-----+--------+
         Total |  13872 |  13283 |    589 |   4058 |   6676 |  10 | 1387.2 |
       Dungeon |  13872 |  13283 |    589 |   4058 |   6676 |  10 | 1387.2 |
               +--------+--------+--------+--------+--------+-----+--------+

Top non-repeatable levels by time:
     D:8: 2008 daAuts
     D:9: 1920 daAuts
     D:4: 1688 daAuts
     D:5: 1562 daAuts
     D:6: 1508 daAuts
     D:7: 1398 daAuts
     D:2: 1371 daAuts
     D:3: 979 daAuts
     D:1: 757 daAuts
    D:10: 676 daAuts
